[Event "Early-Titled-Tuesday-Blitz-January-16-2024"]
[Site "Chess.com"]
[Date "2024.01.16"]
[Round "2"]
[White "tjallkompall"]
[Black "Balla_Tamas"]
[Result "1-0"]
[WhiteElo "2764"]
[BlackElo "2463"]
[TimeControl "180+1"]
[EndTime "8:16:28 PST"]
[Termination "tjallkompall won by resignation"]

1. c4 c5 2. g3 Nc6 3. Bg2 g6 4. Nc3 Bg7 5. a3 e6 6. b4 cxb4 7. axb4 Nge7 8. b5 Nd4 9. e3 Ndf5 10. Nge2 d5 11. cxd5 Nxd5 12. Ba3 Nxc3 13. Nxc3 Ne7 14. O-O O-O 15. Qe2 Re8 16. Rfc1 Nd5 17. Bb2 Nf6 18.
Ra4 Qb6 19. Rca1 Bd7 20. Qf3 Bxb5 21. Nxb5 Qxb5 22. Bxf6 Bxf6 23. Qxf6 Rac8 24. Rxa7 Rc5 1-0

[Event "Early-Titled-Tuesday-Blitz-January-16-2024"]
[Site "Chess.com"]
[Date "2024.01.16"]
[Round "2"]
[White "KorolDimitriy75"]
[Black "SnekkerAndersen"]
[Result "0-1"]
[WhiteElo "2343"]
[BlackElo "2640"]
[TimeControl "180+1"]
[EndTime "8:16:29 PST"]
[Termination "SnekkerAndersen won on time"]

1. d4 Nf6 2. c4 e6 3. Nc3 c5 4. d5 e5 5. e4 d6 6. f4 exf4 7. Bxf4 g6 8. Nf3 Bg7 9. Be2 O-O 10. O-O Bg4 11. h3 Bxf3 12. Bxf3 Re8 13. Qd2 a6 14. a4 Qe7 15. Rae1 Nbd7 16. Kh1 Ne5 17. b3 Qd7 18. Kh2 Rab8 19. Bg5 Qc7 20. Be2 Nfd7 21. Bd3 Nxd3 22. Qxd3 Ne5 23. Qd2 Qa5 24. Re3 b5 25. axb5 axb5 26. cxb5 Rxb5 27. Rb1 Rb4 0-1

[Event "Early-Titled-Tuesday-Blitz-January-16-2024"]
[Site "Chess.com"]
[Date "2024.01.16"]
[Round "2"]
[White "KSho99"]
[Black "ATM622"]
[Result "0-1"]
[WhiteElo "2197"]
[BlackElo "2488"]
[TimeControl "180+1"]
[EndTime "8:16:31 PST"]
[Termination "ATM622 won by resignation"]

1. Nf3 d5 2. g3 Nf6 3. Bg2 e6 4. O-O Be7 5. d3 O-O 6. Nbd2 c6 7. e4 Nbd7 8. e5 Ng4 9. Re1 Qc7 10. d4 c5 11. c3 b6 12. Nf1 Ba6 13. Bf4 cxd4 14. cxd4 Rac8 15. Rc1 Qb7 16. Qd2 f6 17. h3 fxe5 18. dxe5 Rxc1 19. Rxc1 g5 20. Bxg5 Ndxe5 21. Nxe5 Nxe5 22. Ne3 Bxg5 0-1

[Event "Early-Titled-Tuesday-Blitz-January-16-2024"]
[Site "Chess.com"]
[Date "2024.01.16"]
[Round "2"]
[White "pirulillo"]
[Black "xakevicius91"]
[Result "0-1"]
[WhiteElo "2278"]
[BlackElo "2523"]
[TimeControl "180+1"]
[EndTime "8:16:33 PST"]
[Termination "xakevicius91 won by resignation"]

1. e4 c5 2. Nf3 a6 3. d3 Nc6 4. g3 d6 5. Bg2 g6 6. O-O Bg7 7. c3 e5 8. a3 Nge7 9. b4 O-O 10. Be3 b6 11. d4 cxd4 12. cxd4 Bg4 13. d5 Nd4 14. Nbd2 Rc8 15. Bxd4 exd4 16. h3 Bd7 17. a4 f5 18. Ng5 h6 19. Ne6 Bxe6 20. dxe6 f4 21.
Qb3 Rc3 22. Qa2 fxg3 23. f4 Qc7 24. f5 Rc2 25. Qb3 Rxd2 26. Rac1 Qd8 27. Qxg3 g5 28. Qb3 Be5 29. Qc4 Qa8 30. Qc7 Rxg2+ 31. Kxg2 Qxe4+ 32. Rf3 Nxf5 0-1

[Event "Early-Titled-Tuesday-Blitz-January-16-2024"]
[Site "Chess.com"]
[Date "2024.01.16"]
[Round "2"]
[White "dropstoneDP"]
[Black "IMRosen"]
[Result "1-0"]
[WhiteElo "3048"]
[BlackElo "2647"]
[TimeControl "180+1"]
[EndTime "8:16:39 PST"]
[Termination "dropstoneDP won on time"]

1. e4 c5 2. Nf3 e6 3. d4 cxd4 4. Nxd4 Nc6 5. Nc3 Qc7 6. Nxc6 bxc6 7. Bd3 d5 8. Qe2 Nf6 9. exd5 cxd5 10. Nb5 Qa5+ 11.
Bd2 Bb4 12. c3 Be7 13. O-O O-O 14. Nd4 Qc7 15. Rfe1 Rb8 16. b4 Re8 17. Qf3 a6 18.
Bf4 Bd6 19. Bxd6 Qxd6 20. Qg3 Qb6 21. a4 Bb7 22. a5 Qd8 23. b5 axb5 24. Bxb5 Re7 25.
Nf5 1-0

[Event "Early-Titled-Tuesday-Blitz-January-16-2024"]
[Site "Chess.com"]
[Date "2024.01.16"]
[Round "2"]
[White "Superfelix"]
[Black "Sychev_Klementy"]
[Result "0-1"]
[WhiteElo "2520"]
[BlackElo "2788"]
[TimeControl "180+1"]
[EndTime "8:16:39 PST"]
[Termination "Sychev_Klementy won by checkmate"]

1. e4 e5 2. Nf3 Nc6 3. d4 exd4 4. Nxd4 Nf6 5. Nc3 Bb4 6. Nxc6 bxc6 7. Bd3 d5 8. exd5 O-O 9. O-O cxd5 10. h3 Rb8 11.
Qf3 Rb6 12. Bf4 Bb7 13. Nb5 d4 14. Qg3 Nh5 15. Bxc7 Qd5 16. Qg4 Rxb5 17. Bxb5 Qxb5 18. Qxd4 Qc6 19. Qg4 Nf6 20. Qg3 Ne4 21. Qf4 Bd2 22. Qe5 Re8 23. Qd4 Qxc7 24. f3 Ba5 25. Qa4 Bb6+ 26.
Kh1 Ng3+ 27. Kh2 Nxf1+ 28. Kh1 Qh2# 0-1

[Event "Early-Titled-Tuesday-Blitz-January-16-2024"]
[Site "Chess.com"]
[Date "2024.01.16"]
[Round "2"]
[White "tigurones"]
[Black "jk13"]
[Result "0-1"]
[WhiteElo "2366"]
[BlackElo "2670"]
[TimeControl "180+1"]
[EndTime "8:16:39 PST"]
[Termination "jk13 won by resignation"]

1. d4 Nf6 2. Nf3 e6 3. Bf4 d5 4. e3 Bd6 5. Bg3 O-O 6. Bd3 b6 7. Nbd2 Ba6 8. O-O Bxd3 9. cxd3 c5 10. dxc5 bxc5 11. e4 Bxg3 12. hxg3 Qb6 13. Qb3 Nc6 14.
Qxb6 axb6 15. a3 Rfd8 16. Rfd1 Rd7 17. Rac1 Rad8 18. e5 Ng4 19. d4 c4 20. b3 b5 21. a4 bxa4 22. bxc4 dxc4 23. Rxc4 Nxd4 24. Ra1 Nxf3+ 25. gxf3 Nxe5 26. Re4 Rxd2 27. Rxe5 Rd1+ 28.
Rxd1 Rxd1+ 29. Kg2 Rd5 30. Re2 Ra5 31. f4 a3 32. Ra2 f6 33. Kf3 Kf7 34. Ke3 h5 35.
Kf3 Kg6 36. g4 hxg4+ 37. Kxg4 Ra4 38. Kg3 Kf5 39. f3 g6 40. Ra1 a2 41. Kg2 Kxf4 42.
Kf2 Ra3 43. Kg2 g5 44. Kf2 Rxf3+ 45. Ke2 Ra3 46. Kd2 g4 47. Kc2 f5 48. Kb2 Rf3 49. Rb1 axb1=Q+ 0-1

[Event "Early-Titled-Tuesday-Blitz-January-16-2024"]
[Site "Chess.com"]
[Date "2024.01.16"]
[Round "2"]
[White "GMWSO"]
[Black "OriTaichman"]
[Result "1-0"]
[WhiteElo "3085"]
[BlackElo "2659"]
[TimeControl "180+1"]
[EndTime "8:16:40 PST"]
[Termination "GMWSO won by resignation"]

1. d4 Nf6 2. c4 g6 3. Nc3 Bg7 4. e4 O-O 5. Nge2 d6 6. Be3 Ng4 7. Bg5 h6 8. Bh4 c5 9. Qd2 cxd4 10.
Nxd4 Nc6 11. Nc2 Be6 12. Be2 Nge5 13. Nd5 a6 14. O-O g5 15. Bg3 Rb8 16. f4 gxf4 17.
Bxf4 Kh7 18. Kh1 b5 19. cxb5 axb5 20. Nce3 Na5 21. Nf5 Nac4 22. Bxc4 Nxc4 23. Qe2 Bxf5 24. exf5 Rb7 25. f6 exf6 26. b3 Ne5 27. Qe4+ Kh8 28. Nxf6 Qxf6 29. Qxb7 Nd3 30. Bg3 Qg5 31. Rad1 Nb2 32. Rxd6 h5 33. Rd5 Qg4 34. Qxb5 1-0

[Event "Early-Titled-Tuesday-Blitz-January-16-2024"]
[Site "Chess.com"]
[Date "2024.01.16"]
[Round "2"]
[White "Grischuk"]
[Black "SashaKuzhilniy"]
[Result "1-0"]
[WhiteElo "3094"]
[BlackElo "2663"]
[TimeControl "180+1"]
[EndTime "8:16:42 PST"]
[Termination "Grischuk won by checkmate"]

1. d4 Nf6 2. c4 g6 3. g3 Bg7 4. Bg2 O-O 5. Nc3 d6 6. Nf3 c5 7.
O-O Nc6 8. dxc5 dxc5 9. Bf4 Nh5 10. Be3 b6 11. Qc1 Bb7 12. Rd1 Qe8 13. Bh6 Rd8 14. Qe3 Bxh6 15. Qxh6 f6 16. Rxd8 Qxd8 17. Rd1 Qb8 18.
Bh3 Ng7 19. Nd5 e6 20. Nxf6+ Rxf6 21. Ng5 Ne7 22. Qxh7+ Kf8 23. Qh8+ Ng8 24. Nh7+ Kf7 25. Rd7+ Ke8 26. Nxf6+ Kf8 27. Qxg8# 1-0

[Event "Early-Titled-Tuesday-Blitz-January-16-2024"]
[Site "Chess.com"]
[Date "2024.01.16"]
[Round "2"]
[White "Sanyura"]
[Black "mitrabhaa"]
[Result "1-0"]
[WhiteElo "2618"]
[BlackElo "2904"]
[TimeControl "180+1"]
[EndTime "8:16:43 PST"]
[Termination "Sanyura won by resignation"]

1. e4 c6 2. d4 d5 3. e5 Bf5 4. h4 h5 5. c4 e6 6. Nc3 Bb4 7. Ne2 Ne7 8. Ng3 Bg6 9. Bg5 Nd7 10. Rc1 Qa5 11. Be2 dxc4 12. O-O Nf5 13. Nxf5 Bxf5 14. Bxh5 Nb6 15. Qf3 Bxc3 16. bxc3 Qd5 17. Qd1 Be4 18. Re1 Bxg2 19. Qg4 Bh1 20. Kh2 Rxh5 21. Rxh1 g6 22. Qf4 Qd7 23. Rb1 Nd5 24. Qf3 Rh7 25.
Kg2 Ne7 26. h5 Nf5 27. hxg6 fxg6 28. Rxh7 Qxh7 29. Rh1 Qg7 30. Bf6 Qf8 31. Qg4 Kd7 32. Rh7+ Kc8 33. Qxg6 a5 34. Kf1 Kb8 35. Rh8 Ka7 1-0

[Event "Early-Titled-Tuesday-Blitz-January-16-2024"]
[Site "Chess.com"]
[Date "2024.01.16"]
[Round "2"]
[White "Road2GM3000"]
[Black "PawnEatingZombie"]
[Result "1-0"]
[WhiteElo "2463"]
[BlackElo "2127"]
[TimeControl "180+1"]
[EndTime "8:16:43 PST"]
[Termination "Road2GM3000 won on time"]

1. d4 Nf6 2. c4 g6 3. Nc3 Bg7 4. e4 d6 5. f4 O-O 6. Nf3 c5 7.
d5 e6 8. Be2 exd5 9. exd5 Re8 10. O-O Nbd7 11. Bd3 a6 12. a4 Ng4 13. Ne4 Ndf6 14.
Ng3 h5 15. f5 gxf5 16. Bxf5 Bxf5 17. Nxf5 Ne4 18. Bf4 Be5 19. Qc1 Qf6 20. Bxe5 Nxe5 21. N3h4 Ng4 22. h3 Qd4+ 23. Kh1 Ng3+ 24. Nxg3 1-0

[Event "Early-Titled-Tuesday-Blitz-January-16-2024"]
[Site "Chess.com"]
[Date "2024.01.16"]
[Round "2"]
[White "BigAl"]
[Black "RobertoJBM"]
[Result "1/2-1/2"]
[WhiteElo "2556"]
[BlackElo "2799"]
[TimeControl "180+1"]
[EndTime "8:16:44 PST"]
[Termination "Game drawn by repetition"]

1. Nf3 d5 2. g3 c6 3. Bg2 Bg4 4.
O-O Nd7 5. d3 e6 6. c4 Bd6 7. Be3 Ne7 8. Qb3 Qb8 9. Nc3 O-O 10.
Rac1 Rc8 11. cxd5 exd5 12. Na4 h6 13. Nc5 Nxc5 14. Bxc5 Bxc5 15. Rxc5 Bxf3 16. Bxf3 Qd6 17. Rfc1 Rc7 18. d4 Rac8 19. Qd3 b6 20. R5c2 f5 21. e3 g6 22. a3 h5 23. h4 Kf7 24. b4 Ng8 25. b5 Nf6 26. bxc6 Rxc6 27. Qb3 Rxc2 28. Rxc2 Rxc2 29. Qxc2 Qxa3 30. Qc6 Qa5 31. Kg2 Ne4 32. Qc7+ Kf6 33. Qe5+ Kf7 34. Qc7+ Kf6 35. Qe5+ Kf7 36. Bd1 Qd2 37. Qxd5+ Kg7 38. Qe5+ Kh7 39. Qe7+ Kh6 40. Qf8+ Kh7 41. Qf7+ Kh6 42. Qf8+ Kh7 43. Qf7+ Kh6 44. Qf8+ 1/2-1/2

[Event "Early-Titled-Tuesday-Blitz-January-16-2024"]
[Site "Chess.com"]
[Date "2024.01.16"]
[Round "2"]
[White "almaguerjm"]
[Black "MikeSailer"]
[Result "1-0"]
[WhiteElo "2491"]
[BlackElo "2200"]
[TimeControl "180+1"]
[EndTime "8:16:44 PST"]
[Termination "almaguerjm won by resignation"]

1. e4 d5 2. exd5 Qxd5 3. Nc3 Qd6 4. Bc4 c6 5. d3 Nf6 6. Be3 Bg4 7. Qd2 e6 8. h3 Bh5 9. Nge2 Qc7 10. Bf4 Bd6 11.
Bxd6 Qxd6 12. g4 Bg6 13. O-O-O h6 14. Nf4 Bh7 15. Rde1 O-O 16. Nxe6 b5 17. Bb3 Re8 18. g5 Nd5 19. Nxd5 Rxe6 20. Rxe6 fxe6 21. Nf4 Bf5 22.
gxh6 1-0

[Event "Early-Titled-Tuesday-Blitz-January-16-2024"]
[Site "Chess.com"]
[Date "2024.01.16"]
[Round "2"]
[White "MagnusCarlsen"]
[Black "deepfear"]
[Result "1-0"]
[WhiteElo "3319"]
[BlackElo "1931"]
[TimeControl "180+1"]
[EndTime "8:16:45 PST"]
[Termination "MagnusCarlsen won by resignation"]

1. g4 g6 2. Bg2 Bg7 3. h4 h6 4. d4 d6 5. e4 Nc6 6. Be3 e6 7. Nc3 Nge7 8. Nge2 d5 9. e5 b6 10. h5 g5 11. Qd2 Ba6 12. f4 gxf4 13. Nxf4 Qd7 14. O-O-O O-O-O 15. Bf1 Bb7 16. Bd3 Nb4 17. Bb5 c6 18. Be2 Qc7 19. Rhf1 Rdf8 20. Rf2 c5 21. Nb5 Qb8 22. Nd6+ Kd7 23. dxc5 bxc5 24. Bxc5 Nbc6 25. Nd3 Bxe5 26. Nxf7 Bg3 27. Nxh8 Rxh8 28. Rf7 Rf8 29. Rdf1 Rxf7 30. Rxf7 Bd6 31. Qxh6 Bxc5 32. Nxc5+ Kc7 33. Qxe6 Kb6 34. Nd7+ 1-0

[Event "Early-Titled-Tuesday-Blitz-January-16-2024"]
[Site "Chess.com"]
[Date "2024.01.16"]
[Round "2"]
[White "atalz0"]
[Black "Trojan-Knight"]
[Result "0-1"]
[WhiteElo "2461"]
[BlackElo "2482"]
[TimeControl "180+1"]
[EndTime "8:16:47 PST"]
[Termination "Trojan-Knight won by resignation"]

1. d4 Nf6 2. c4 g6 3. f3 Bg7 4. e4 d6 5. Be3 O-O 6. Nc3 Nc6 7. Qd2 a6 8. O-O-O Rb8 9. h4 b5 10. h5 bxc4 11. hxg6 fxg6 12. Bxc4+ e6 13. Bh6 Qe7 14. Bxg7 Qxg7 15. Nh3 Rb4 16. Qe2 Nh5 17. Bxe6+ Bxe6 18. d5 Bxh3 19. dxc6 Be6 20. Qxa6 Rfb8 21. Rd2 Rxb2 22.
Rxb2 Qxc3+ 23. Rc2 Qa1+ 24. Kd2 Qxh1 0-1

[Event "Early-Titled-Tuesday-Blitz-January-16-2024"]
[Site "Chess.com"]
[Date "2024.01.16"]
[Round "2"]
[White "EvgenyBurmakin"]
[Black "azikom"]
[Result "0-1"]
[WhiteElo "2387"]
[BlackElo "2674"]
[TimeControl "180+1"]
[EndTime "8:16:50 PST"]
[Termination "azikom won by resignation"]

1. e4 c5 2. Nc3 e6 3. Nf3 a6 4. d4 cxd4 5. Nxd4 b5 6. a3 Bb7 7.
Be3 Nc6 8. Be2 Nf6 9. Nxc6 Bxc6 10. f3 Qb8 11. Qd2 Bd6 12. O-O-O Be5 13. Bd4 O-O 14.
Bxe5 Qxe5 15. Qd6 Qxd6 16. Rxd6 Rfc8 17. Rhd1 Kf8 18. g4 g5 19. h4 h6 20. R6d2 Ke7 21. Rh1 Rab8 22. Bd3 a5 23. Ne2 b4 24. axb4 axb4 25. Nd4 Bb7 26. Rdh2 Ra8 27. Kb1 d5 28. exd5 Bxd5 29. hxg5 hxg5 30. Rf1 Ra5 31. Re2 Rca8 32. Nf5+ Kf8 33. Kc1 Ra1+ 0-1

[Event "Early-Titled-Tuesday-Blitz-January-16-2024"]
[Site "Chess.com"]
[Date "2024.01.16"]
[Round "2"]
[White "Sanan_Sjugirov"]
[Black "jinbojinbo"]
[Result "0-1"]
[WhiteElo "2956"]
[BlackElo "2637"]
[TimeControl "180+1"]
[EndTime "8:16:51 PST"]
[Termination "jinbojinbo won by resignation"]

1. d4 Nf6 2. c4 e6 3. Nf3 d5 4. g3 Be7 5. Bg2 O-O 6. O-O dxc4 7. Qc2 b5 8. a4 b4 9. Nfd2 Nd5 10. Nxc4 c5 11.
dxc5 Bxc5 12. Nbd2 Nd7 13. Nb3 Ba6 14. Nxc5 Nxc5 15.
Ne3 Rc8 16. Nxd5 exd5 17. Be3 d4 18. Rfd1 Nd7 19. Qf5 g6 20. Qd5 dxe3 21. Qxd7 exf2+ 22. Kf1 Qf6 23. Qd6 Bxe2+ 24. Kxe2 Rfe8+ 0-1

[Event "Early-Titled-Tuesday-Blitz-January-16-2024"]
[Site "Chess.com"]
[Date "2024.01.16"]
[Round "2"]
[White "bitter-cikolata"]
[Black "Massakru"]
[Result "1-0"]
[WhiteElo "2548"]
[BlackElo "2319"]
[TimeControl "180+1"]
[EndTime "8:16:52 PST"]
[Termination "bitter-cikolata won by resignation"]

1. Nf3 d5 2. b3 Nf6 3. Bb2 Nc6 4. g3 Bf5 5. Bg2 e6 6. O-O h6 7. d3 Qd7 8. Nbd2 O-O-O 9. c4 Be7 10. Rc1 Rhe8 11.
cxd5 exd5 12. Re1 g5 13. Ne5 Nxe5 14. Bxe5 c6 15. Nf3 Ng4 16. Bd4 Kb8 17. Qd2 b6 18. h3 Nf6 19. Ne5 Qe6 20. Nxc6+ Kb7 21. Nxd8+ Rxd8 22. Qc3 Ne8 23. e4 dxe4 24. Bxe4+ Bxe4 25. Rxe4 Qd7 26. Kh2 Bd6 27. Bf6 Nxf6 28. Qxf6 Ba3 29.
Rce1 Qxd3 30. Qxf7+ Ka8 31. Re8 1-0

[Event "Early-Titled-Tuesday-Blitz-January-16-2024"]
[Site "Chess.com"]
[Date "2024.01.16"]
[Round "2"]
[White "Zavgorodniy_Sergiy"]
[Black "artin10862"]
[Result "0-1"]
[WhiteElo "2596"]
[BlackElo "2897"]
[TimeControl "180+1"]
[EndTime "8:16:53 PST"]
[Termination "artin10862 won by resignation"]

1. e4 c6 2. d4 d5 3. exd5 cxd5 4. c4 Nf6 5. Nc3 e6 6. Nf3 Bb4 7. cxd5 Nxd5 8. Bd2 Nc6 9. Bd3 O-O 10. O-O Nf6 11.
Bg5 Be7 12. Re1 h6 13. Bh4 Nh5 14. Bxe7 Nxe7 15. Bc2 Nf6 16. Ne5 b6 17. Qf3 Rb8 18.
Rad1 Bb7 19. Qh3 Rc8 20. Re3 Kh8 21. Rg3 b5 22. Rdd3 Nf5 23. a3 a5 24. Rdf3 Nxd4 25. Rxf6 Qxf6 26. Nd7 Qf4 27. Nxf8 Nxc2 0-1

[Event "Early-Titled-Tuesday-Blitz-January-16-2024"]
[Site "Chess.com"]
[Date "2024.01.16"]
[Round "2"]
[White "Chessbard1972"]
[Black "Onischuk_V"]
[Result "0-1"]
[WhiteElo "2403"]
[BlackElo "2792"]
[TimeControl "180+1"]
[EndTime "8:16:54 PST"]
[Termination "Onischuk_V won by resignation"]

1. d4 d6 2. e4 g6 3. Nc3 Bg7 4. f4 Nf6 5. Nf3 O-O 6. Bd3 Na6 7. Bxa6 bxa6 8. O-O Rb8 9. Kh1 Nd7 10. Rb1 c5 11. Be3 Bb7 12. Qd2 Qc7 13. Rbd1 Rfc8 14. d5 a5 15. a4 Ba6 16. Rfe1 Rxb2 17. e5 Nb6 18. Qc1 Nc4 19. Bf2 Rcb8 20. Ne4 Bc8 21. h3 Bf5 22. Nfd2 Nxd2 23. Qxd2 R8b4 24. Nc3 Rxc2 25. Qe3 Rb3 26. exd6 Qxd6 27. Nb5 Rxe3 28. Nxd6 Rxe1+ 29. Rxe1 exd6 30. Re8+ Bf8 31. Bh4 Kg7 32. g4 Bd3 33. f5 gxf5 34. Bg3 Be4+ 0-1

[Event "Early-Titled-Tuesday-Blitz-January-16-2024"]
[Site "Chess.com"]
[Date "2024.01.16"]
[Round "2"]
[White "Kostya0705"]
[Black "GMRAVEN_ON_YOUTUBE"]
[Result "0-1"]
[WhiteElo "2559"]
[BlackElo "2824"]
[TimeControl "180+1"]
[EndTime "8:16:55 PST"]
[Termination "GMRAVEN_ON_YOUTUBE won by resignation"]

1. e4 c5 2. Nf3 e6 3. d4 cxd4 4. Nxd4 Nc6 5. Nc3 Qc7 6. g4 a6 7.
h4 b5 8. Nxc6 Qxc6 9. a3 b4 10.
axb4 Bxb4 11. Qd4 Bxc3+ 12. bxc3 Nf6 13. f3 O-O 14. Ba3 Re8 15. g5 Nh5 16. Bd6 e5 17.
Bxe5 d5 18. O-O-O dxe4 19. fxe4 Bg4 20. Rd2 Qe6 21. Bd6 Qa2 22. Rf2 Rad8 23. Rg1 Qa1+ 24. Kd2 Rxd6 25. Qxd6 Qd1+ 26. Ke3 Qxd6 27. Bc4 Qc5+ 0-1

[Event "Early-Titled-Tuesday-Blitz-January-16-2024"]
[Site "Chess.com"]
[Date "2024.01.16"]
[Round "2"]
[White "Reynold9402"]
[Black "masterofpuppets2"]
[Result "0-1"]
[WhiteElo "2265"]
[BlackElo "2521"]
[TimeControl "180+1"]
[EndTime "8:16:56 PST"]
[Termination "masterofpuppets2 won on time"]

1. d4 d5 2. c4 e6 3. Nc3 Bb4 4.
Nf3 Nf6 5. Bg5 dxc4 6. Qa4+ Nc6 7. e3 Qd5 8. Bxf6 gxf6 9. Nd2 Bxc3 10. bxc3 b5 11.
Qa3 Bb7 12. e4 Qg5 13. h4 Qh5 14. Be2 Qg6 15. Qb2 a6 16. g3 f5 17. Nxc4 fxe4 18.
O-O Rb8 19. Ne3 O-O 20. d5 Ne5 21. dxe6 Qxe6 0-1

[Event "Early-Titled-Tuesday-Blitz-January-16-2024"]
[Site "Chess.com"]
[Date "2024.01.16"]
[Round "2"]
[White "LuminaryHunter"]
[Black "MIss_MIaMI"]
[Result "1-0"]
[WhiteElo "2420"]
[BlackElo "2418"]
[TimeControl "180+1"]
[EndTime "8:16:57 PST"]
[Termination "LuminaryHunter won by checkmate"]

1. e4 c5 2. Nc3 e6 3. Bc4 a6 4. a4 b6 5. d3 Bb7 6. Nf3 d6 7. O-O Nf6 8. Bg5 Be7 9. h3 h6 10. Bh4 O-O 11. Bg3 d5 12. exd5 exd5 13. Bb3 d4 14.
Ne4 Nxe4 15. dxe4 Bxe4 16. Re1 Bb7 17. Ne5 Bf6 18. Qg4 Bd5 19. c4 Be6 20. Qe4 Ra7 21. Bc2 Re8 22. Ng4 Nd7 23. Qh7+ Kf8 24. Bd6+ Re7 25.
Qh8# 1-0

[Event "Early-Titled-Tuesday-Blitz-January-16-2024"]
[Site "Chess.com"]
[Date "2024.01.16"]
[Round "2"]
[White "stepanosinovsky"]
[Black "luckyswitchback"]
[Result "0-1"]
[WhiteElo "2399"]
[BlackElo "2725"]
[TimeControl "180+1"]
[EndTime "8:16:58 PST"]
[Termination "luckyswitchback won on time"]

1. e4 c6 2. d3 d5 3. Nd2 g6 4. Ngf3 Bg7 5. g3 e5 6. Bg2 Ne7 7. O-O O-O 8. Re1 Nd7 9. c4 d4 10. b4 a5 11. bxa5 Qxa5 12. Nb3 Qa7 13. a4 Nc5 14. Ba3 Nxb3 15. Qxb3 Re8 16. Bd6 Qa5 17. c5 Be6 18. Qxb7 f6 19. Bxe7 Ra7 20. Qxc6 Raxe7 21. Qb6 Qa8 22. Reb1 Kf7 23. a5 Bf8 24. c6 Rc8 25. Rc1 Rec7 26. a6 Be7 27. Nd2 Bd8 28. Nc4 Rxc6 0-1

[Event "Early-Titled-Tuesday-Blitz-January-16-2024"]
[Site "Chess.com"]
[Date "2024.01.16"]
[Round "2"]
[White "laiciffOneslraCsungaM"]
[Black "sergeikim"]
[Result "0-1"]
[WhiteElo "2368"]
[BlackElo "2612"]
[TimeControl "180+1"]
[EndTime "8:16:58 PST"]
[Termination "sergeikim won by resignation"]

1. d4 Nf6 2. Nc3 d6 3. e4 g6 4.
Nf3 Bg7 5. Be2 O-O 6. O-O c6 7. a4 a5 8. h3 Qc7 9. Be3 e5 10. Qd2 Re8 11. dxe5 dxe5 12. Rfd1 Na6 13. Qd6 Qxd6 14.
Rxd6 Nb4 15. Rd2 h6 16. Bc4 Be6 17. Nxe5 Bxc4 18. Nxc4 Nxe4 19. Nxe4 Rxe4 20. Nd6 Re7 21. c3 Nd5 22. Bc5 Rd7 23. Rad1 Bf8 24. Ne4 Bxc5 25.
Rxd5 Rxd5 26. Nf6+ Kg7 27. Nxd5 cxd5 28. Rxd5 b6 29. Kf1 Re8 30. g3 h5 31. h4 Kf6 32.
Rd7 Re7 33. Rd8 Ke6 34. Rb8 Kd5 35. b4 axb4 36. cxb4 Bd4 37. a5 bxa5 38. bxa5 Ra7 39. Rd8+ Kc4 40. Rf8 Bc5 41. Rc8 Rxa5 42. Rc7 Ra7 0-1

[Event "Early-Titled-Tuesday-Blitz-January-16-2024"]
[Site "Chess.com"]
[Date "2024.01.16"]
[Round "2"]
[White "GeorgiosSouleidis"]
[Black "FairChess_on_YouTube"]
[Result "0-1"]
[WhiteElo "2657"]
[BlackElo "3078"]
[TimeControl "180+1"]
[EndTime "8:17:00 PST"]
[Termination "FairChess_on_YouTube won by checkmate"]

1. e4 c5 2. Be2 Nc6 3. d3 Nf6 4. f4 d5 5. e5 Nd7 6. Nf3 Nb6 7.
O-O Bf5 8. a4 e6 9. a5 Nd7 10.
a6 b5 11. c3 Be7 12. Na3 b4 13. Nc2 h6 14. Kh1 Rb8 15. Ne3 Bh7 16. d4 bxc3 17.
bxc3 O-O 18. Bd3 Bxd3 19. Qxd3 f5 20. exf6 Nxf6 21. Ba3 c4 22. Qg6 Qe8 23. Qxe8 Rfxe8 24. Bxe7 Rxe7 25. f5 Rb3 26. Rfc1 e5 27. dxe5 Nxe5 28. Nd2 Nd3 29. Nxb3 cxb3 30. Nd1 Re1# 0-1

[Event "Early-Titled-Tuesday-Blitz-January-16-2024"]
[Site "Chess.com"]
[Date "2024.01.16"]
[Round "2"]
[White "CFN_Good_Evening"]
[Black "dcremisi"]
[Result "0-1"]
[WhiteElo "1865"]
[BlackElo "2678"]
[TimeControl "180+1"]
[EndTime "8:17:00 PST"]
[Termination "dcremisi won by checkmate"]

1. d4 Nf6 2. Nc3 e6 3. e4 d5 4.
e5 Nfd7 5. Nce2 c5 6. c3 Nc6 7. Nf3 cxd4 8. cxd4 f6 9. exf6 Nxf6 10. Bd2 Ne4 11. Bc3 Bd6 12. Ng3 O-O 13. Bd3 Nxc3 14.
bxc3 e5 15. dxe5 Nxe5 16. Nxe5 Bxe5 17. O-O Qh4 18. Be2 Be6 19. Rb1 b6 20. Bf3 Rad8 21.
Re1 Bxg3 22. hxg3 Qf6 23. Qd4 Qxd4 24. cxd4 Bf5 25. Rb5 Bd3 26. Rxd5 Bc4 27. Rxd8 Rxd8 28. d5 Bxa2 29. Re7 a5 30. Rb7 Rd6 31. Kf1 a4 32.
Ra7 b5 33. Ra5 Bxd5 34. Rxb5 Bc4+ 35. Be2 Rd1# 0-1

[Event "Early-Titled-Tuesday-Blitz-January-16-2024"]
[Site "Chess.com"]
[Date "2024.01.16"]
[Round "2"]
[White "CrushingKings"]
[Black "Talent-OF-Slovenia"]
[Result "1-0"]
[WhiteElo "2664"]
[BlackElo "2377"]
[TimeControl "180+1"]
[EndTime "8:17:00 PST"]
[Termination "CrushingKings won by resignation"]

1. Nf3 c6 2. g3 d5 3. Bg2 Nf6 4. O-O Bf5 5. d3 e6 6. c4 Be7 7. cxd5 exd5 8. Nh4 Bg6 9. Nxg6 hxg6 10. e4 dxe4 11. dxe4 Nbd7 12. f4 O-O 13. Nc3 Nc5 14. e5 Nfd7 15. Be3 Ne6 16. Qc2 Bc5 17. Bxc5 Ndxc5 18.
Rad1 Qb6 19. Kh1 Rfd8 20. h4 Nd4 21. Qf2 Nce6 22. g4 Nc7 23. f5 gxf5 24. gxf5 Ndb5 25. Qg3 Nxc3 26. bxc3 Qc5 27. f6 Ne6 28. Bh3 g6 29. Bxe6 Re8 30. Qxg6+ 1-0

[Event "Early-Titled-Tuesday-Blitz-January-16-2024"]
[Site "Chess.com"]
[Date "2024.01.16"]
[Round "2"]
[White "Druid24"]
[Black "Bekkedahl"]
[Result "1-0"]
[WhiteElo "2711"]
[BlackElo "2299"]
[TimeControl "180+1"]
[EndTime "8:17:01 PST"]
[Termination "Druid24 won by resignation"]

1. Nf3 Nf6 2. g3 g6 3. Bg2 Bg7 4. O-O O-O 5. d4 d6 6. b3 c6 7. Bb2 Nbd7 8. Re1 Rb8 9. e4 c5 10. e5 dxe5 11. dxe5 Ne8 12. Nbd2 Nc7 13. Qe2 Ne6 14.
Rad1 Qc7 15. h4 b6 16. Ng5 Bb7 17. Nxe6 fxe6 18. f4 Bxg2 19. Qxg2 b5 20. Ne4 h6 21. h5 gxh5 22. Qh3 Rb6 23. Qxh5 c4 24. Bd4 Rc6 25. Qg6 cxb3 26. cxb3 Rc2 27. Qxe6+ Kh8 28.
Qxe7 Qc6 29. e6 Nf6 30. Bxf6 Bxf6 31. Qxf8+ 1-0

[Event "Early-Titled-Tuesday-Blitz-January-16-2024"]
[Site "Chess.com"]
[Date "2024.01.16"]
[Round "2"]
[White "Elsa167"]
[Black "EsmeraldasAnderson03"]
[Result "1-0"]
[WhiteElo "2830"]
[BlackElo "2408"]
[TimeControl "180+1"]
[EndTime "8:17:01 PST"]
[Termination "Elsa167 won by resignation"]

1. d4 d5 2. c4 dxc4 3. e3 Nf6 4.
Bxc4 e6 5. Nf3 a6 6. O-O c5 7. b3 Be7 8. Bb2 O-O 9. dxc5 Bxc5 10. Nbd2 b6 11. Ne5 Bb7 12. Be2 Nc6 13. Bf3 Qc7 14.
Ndc4 Rad8 15. Qe2 Nb4 16. a3 Bxf3 17. Qxf3 Nd3 18. Nxd3 Rxd3 19. Bxf6 gxf6 20. b4 Bxb4 21. Qg4+ Kh8 22. axb4 f5 23. Qh4 Rg8 24. Rac1 Rg6 25. g3 Kg7 26. Nb2 Rc3 27. Qd4+ 1-0